 Dungeon Crawl Stone Soup version 0.20-a0-754-g13ddd6e (webtiles) character file.

2891 esteth the Thaumaturge (level 9, -11/45 HPs)
             Began as a Deep Elf Fire Elementalist on Feb 25, 2017.
             Was a Believer of Vehumet.
             Mangled by Voxish's ghost (27 damage)
             ... on level 8 of the Dungeon.
             The game lasted 00:31:43 (8554 turns).

esteth the Thaumaturge (Deep Elf Fire Elementalist) Turns: 8554, Time: 00:31:44

Health: -11/45     AC:  4    Str:  5      XL:     9   Next: 48%
Magic:  26/44      EV: 12    Int: 24      God:    Vehumet [**....]
Gold:   392        SH:  0    Dex: 14 (15) Spells: 10/28 levels left

rFire    . . .     SeeInvis .   B - staff of power
rCold    . . .     Gourm    .   a - +0 robe
rNeg     . . .     Faith    .   (no shield)
rPois    .         Spirit   .   A - +0 Maxwell's etheric cage {RegenMP+ *Contam rElec MP+4}
rElec    +         Reflect  .   h - +0 cloak
rCorr    .         Harm     .   (no gloves)
MR       .....                  (no boots)
Stlth    ++........             (no amulet)
Regen    0.2/turn               s - ring of wizardry
MPRegen  0.3/turn               j - ring of wizardry

@: drained
A: no striking features
a: Renounce Religion


You were on level 8 of the Dungeon.
You worshipped Vehumet.
Vehumet was pleased with you.
You were not hungry.

You visited 1 branch of the dungeon, and saw 8 of its levels.

You collected 392 gold pieces.

Inventory:

Armour
 a - a +0 robe (worn)
 h - a +0 cloak (worn)
 A - the +0 Maxwell's etheric cage (worn) {RegenMP+ *Contam rElec MP+4}
   (You found it on level 7 of the Dungeon)

   It insulates you from electricity.
   It affects your magic capacity (+4).
   It causes magical contamination when unequipped.
Magical Staves
 B - an uncursed staff of power (weapon)
Jewellery
 j - a ring of wizardry (left hand)
 p - an uncursed ring of protection from cold
 s - a ring of wizardry (right hand)
 C - a cursed ring of loudness {unknown}
 F - an uncursed amulet of faith
Wands
 m - a wand of polymorph (14/24)
 q - a wand of iceblast (10/15)
 v - a wand of flame (11/48)
 w - a wand of polymorph (13/24)
 y - a wand of polymorph (7/24)
Scrolls
 g - 6 scrolls of remove curse
 k - 3 scrolls of teleportation
 l - 4 scrolls of recharging
 n - 2 scrolls of identify
 x - a scroll of enchant weapon
Potions
 e - a potion of might
 f - a potion of flight
 i - 2 potions of ambrosia
 u - 2 potions of heal wounds {unknown}
 z - a potion of invisibility {unknown}
 D - a potion of curing {unknown}
Books
 b - a book of Flames

   Spells                             Type                      Level
   a - Flame Tongue                   Conjuration/Fire             1
   b - Throw Flame                    Conjuration/Fire             2
   c - Conjure Flame                  Conjuration/Fire             3
   d - Inner Flame                    Hexes/Fire                   3
   e - Sticky Flame                   Conjuration/Fire             4
   f - Fireball                       Conjuration/Fire             5
 r - a book of Conjurations

   Spells                             Type                      Level
   a - Magic Dart                     Conjuration                  1
   b - Searing Ray                    Conjuration                  2
   c - Dazzling Spray                 Conjuration/Hexes            3
   d - Fulminant Prism                Conjuration/Hexes            4
   e - Force Lance                    Conjuration/Translocation    4
   f - Iskenderun's Mystic Blast      Conjuration                  4
 t - a book of Misfortune

   Spells                             Type                      Level
   a - Confusing Touch                Hexes                        1
   b - Confuse                        Hexes                        3
   c - Gell's Gravitas                Translocation                3
   d - Petrify                        Transmutation/Earth          4
   e - Metabolic Englaciation         Hexes/Ice                    5
   f - Yara's Violent Unravelling     Hexes/Transmutation          5
Comestibles
 c - 2 bread rations
 d - 17 fruits
 o - 2 royal jellies


   Skills:
 - Level 2.4(2.1) Dodging
 - Level 2.4(2.1) Stealth
 + Level 10.2(9.9) Spellcasting
 - Level 8.2(7.9) Conjurations
 - Level 9.2(8.8) Fire Magic


You had 10 spell levels left.
You knew the following spells:

 Your Spells              Type           Power        Failure   Level  Hunger
a - Flame Tongue          Conj/Fire      #####        1%          1    None
b - Sticky Flame          Conj/Fire      ######..     1%          4    #......
c - Fireball              Conj/Fire      ######....   1%          5    ####...
d - Iskenderun's Mystic   Conj           #####...     1%          4    #......
e - Sting                 Conj/Pois      ####         1%          1    None
f - Confuse               Hex            ##......     5%          3    None


Dungeon Overview and Level Annotations

Branches:
Dungeon (8/15)             Temple (0/1) D:7
   Lair: D:8-11

Altars:
Elyvilon
Fedhas
Gozag
Makhleb
Nemelex Xobeh
Qazlal
Ru
Vehumet
Zin

Shops:
D:7 *

Annotations:
D:4 exclusion: statue
D:5 Dowan
D:6 Sigmund
D:8 Voxish's ghost, journeyman DsAK


Message History

Confirm with . or Enter, or press ? or * to list all spells.
Aiming: Sticky Flame
Press: ? - help, Shift-Dir - straight line, f/p - Voxish's ghost
Aim: Voxish's ghost (moderately damaged)
The sticky flame hits Voxish's ghost.
Voxish's ghost is moderately damaged.
Voxish's ghost hits you!
Casting: Sticky Flame
Confirm with . or Enter, or press ? or * to list all spells.
Aiming: Sticky Flame
Press: ? - help, Shift-Dir - straight line, f/p - Voxish's ghost
Aim: Voxish's ghost (moderately damaged)
The sticky flame hits Voxish's ghost.
Voxish's ghost appears unharmed.
Voxish's ghost is moderately damaged.
Voxish's ghost hits you!
An adder comes into view.
There is a stone staircase leading up here.
Voxish's ghost hits you!!
Ouch! That really hurt!
You die...

#######..##
#.W@.S.....
#o####.#.##
#.# #.# #o.
.†%. #)P%%
...)..
#......


You could see Voxish's ghost, an adder and an orc.

Vanquished Creatures
  The ghost of dxctxrx the Magician, a novice DEWz (D:5)
  Grinder (D:4)
  Edmund (D:7)
  Purgy (D:3)
  2 sky beasts
  A necrophage (D:5)
  4 ogres
  2 centaurs
  A crocodile (D:7)
  A big kobold (D:7)
  Blork the orc (D:4)
  A bullfrog (D:4)
  An oklob sapling (D:7)
  3 crimson imps
  3 hounds
  A quasit (D:7)
  3 orc priests
  7 orc wizards
  Crazy Yiuf (D:4)
  A bullfrog zombie (D:7)
  Jessica (D:2)
  3 iguanas
  2 hell rats (D:7)
  2 worker ants
  A hound skeleton (D:4)
  A worker ant zombie (D:7)
  7 gnolls
  7 river rats (D:7)
  9 adders
  A shadow imp (D:6)
  An ooze (D:7)
  5 worms
  3 dart slugs
  6 leopard geckos
  27 orcs
  7 giant cockroaches
  9 hobgoblins
  10 jackals
  6 quokkas (D:7)
  4 ball pythons
  13 bats
  4 frilled lizards (D:1)
  10 goblins
  9 kobolds
  A leopard gecko skeleton (D:4)
  29 rats
  5 plants (D:7)
220 creatures vanquished.

Vanquished Creatures (others)
  5 plants (D:7)
5 creatures vanquished.

Grand Total: 225 creatures vanquished

Notes
Turn   | Place    | Note
-------+----------+-------------------------------------------
     0 | D:1      | esteth the Deep Elf Fire Elementalist began the quest for the Orb.
     0 | D:1      | Reached XP level 1. HP: 10/10 MP: 6/6
   105 | D:1      | Reached XP level 2. HP: 15/15 MP: 4/8
   899 | D:2      | Noticed Jessica
   901 | D:2      | Reached XP level 3. HP: 19/19 MP: 7/9
  1298 | D:2      | Found a burning altar of Makhleb.
  1413 | D:2      | Killed Jessica
  1413 | D:2      | Reached XP level 4. HP: 24/24 MP: 5/10
  1729 | D:2      | Reached skill level 5 in Conjurations
  1791 | D:2      | Learned a level 4 spell: Sticky Flame
  1812 | D:2      | Found a glowing silver altar of Zin.
  1812 | D:2      | Found a sacrificial altar of Ru.
  1812 | D:2      | Found a sparkling altar of Nemelex Xobeh.
  1814 | D:2      | Found a stormy altar of Qazlal.
  2106 | D:3      | Reached XP level 5. HP: 28/28 MP: 8/11
  2834 | D:3      | Noticed Purgy
  2845 | D:3      | Killed Purgy
  2845 | D:3      | Reached skill level 5 in Fire Magic
  2845 | D:3      | Reached XP level 6. HP: 30/32 MP: 4/12
  2864 | D:3      | Learned a level 5 spell: Fireball
  3137 | D:3      | Found a blossoming altar of Fedhas.
  3184 | D:4      | Noticed Grinder
  3188 | D:4      | Paralysed by Grinder for 7 turns
  3192 | D:4      | Noticed Edmund
  3192 | D:4      | Killed Grinder
  3192 | D:4      | Reached XP level 7. HP: 15/36 MP: 3/13
  3589 | D:4      | Found a runed door.
  3593 | D:4      | Noticed Crazy Yiuf
  3595 | D:4      | Killed Crazy Yiuf
  3704 | D:4      | Found a radiant altar of Vehumet.
  3802 | D:4      | Became a worshipper of Vehumet
  4308 | D:4      | Noticed Blork the orc
  4314 | D:4      | Killed Blork the orc
  4636 | D:5      | Entered Level 5 of the Dungeon
  4935 | D:5      | Reached skill level 4 in Spellcasting
  4935 | D:5      | Reached XP level 8. HP: 33/41 MP: 5/16
  4978 | D:5      | Noticed dxctxrx's ghost (novice DEWz)
  5053 | D:4      | Learned a level 4 spell: Iskenderun's Mystic Blast
  5306 | D:5      | Noticed Dowan
  5311 | D:5      | Killed dxctxrx's ghost
  5436 | D:6      | Reached * piety under Vehumet
  5436 | D:6      | Offered knowledge of Sting by Vehumet.
  5688 | D:6      | Noticed Sigmund
  5940 | D:6      | Reached skill level 5 in Spellcasting
  5996 | D:6      | Reached skill level 6 in Spellcasting
  6021 | D:6      | Learned a level 1 spell: Sting
  6363 | D:6      | Reached XP level 9. HP: 45/45 MP: 5/21
  6659 | D:6      | Reached skill level 7 in Spellcasting
  6827 | D:7      | Found Gozag's Platinum Reserve.
  6827 | D:7      | Found an opulent altar of Gozag.
  6896 | D:7      | Learned a level 3 spell: Confuse
  7006 | D:7      | Found a white marble altar of Elyvilon.
  7257 | D:7      | Found a staircase to the Ecumenical Temple.
  7555 | D:7      | Reached skill level 8 in Spellcasting
  7668 | D:7      | Reached ** piety under Vehumet
  7696 | D:7      | HP: 2/45 [hell rat (2)]
  7818 | D:7      | Offered knowledge of Shock by Vehumet.
  8047 | D:7      | Killed Edmund
  8047 | D:7      | Reached skill level 9 in Spellcasting
  8514 | D:7      | Reached skill level 10 in Spellcasting
  8544 | D:8      | Noticed Voxish's ghost (journeyman DsAK)
  8545 | D:8      | Offered knowledge of Static Discharge by Vehumet.
  8554 | D:8      | Mangled by Voxish's ghost

Vault maps used:
D:1:      erik_arrival_orb_chamber
D:2:      minitemple, bloody_makhleb, uniq_jessica
D:3:      nicolae_overflow_hidden_temple, serial_glass, glass_columns_c,
          glass_columns_b, glass_columns_a, glass_columns_c, glass_columns_b,
          glass_columns_a, uniq_purgy
D:4:      vehumet_statue, uniq_blork_the_orc, uniq_crazy_yiuf_cottage,
          uniq_grinder, uniq_edmund
D:5:      okawaru_altar_gauntlet_db, first_bread, serial_bayou_ford_a,
          uniq_duvessa
D:6:      kennysheep_generic_room_15, uniq_sigmund
D:7:      lemuel_ratsnest, nicolae_gozag_zags_fifth_avenue, lemuel_round_altar,
          minmay_temple_entry_oklob
D:8:      dpeg_lair_monsters, serial_shops, shop, blue_anna_alchemist

Skill      XL: |  1  2  3  4  5  6  7  8  9 |
---------------+----------------------------+-----
Conjurations   | 2 3 4 5 8 |  8.2
Fire Magic     | 5 6 9 |  9.2
Spellcasting   | 4 6 10 | 10.2
Dodging        | |  2.4
Stealth        | |  2.4

Action                   |  1- 3 |  4- 6 |  7- 9 || total
-------------------------+-------+-------+-------++-------
Melee: Unarmed           |    10 |       |     2 ||    12
 Cast: Flame Tongue      |    68 |    99 |   230 ||   397
       Sticky Flame      |       |     4 |    16 ||    20
       Fireball          |       |     1 |    16 ||    17
       Iskenderun's Myst |       |       |    17 ||    17
       Sting             |       |       |     8 ||     8
  Use: Scroll            |     4 |     1 |     6 ||    11
       Potion            |     2 |     1 |     1 ||     4
  Eat: Chunk             |     1 |     6 |    11 ||    18
       Bread ration      |       |       |     3 ||     3
Armor: Robe              |    17 |    10 |    18 ||    45
Dodge: Dodged            |    49 |    23 |    58 ||   130
